Map: Curious Minds LE

Players

Trap - Winner!

  • Race: Protoss Protoss

RagnaroK (SHIN)

  • Race: Zerg Zerg
  • League: Master

Event: TSL 8

VOD

Have the link to the VOD?

Description

Time

  • Played on: Dec. 5, 2021, 6:21 a.m.
  • Length: 12:49

All games in this series

Show
View Real Time Build Order
Export as new Build Order

Trap Protoss - Winner!

Build Orders: 1 Gate Expand, Mass Adepts 

Get SALT Encoding   

  12  0:00  Probe  
  13  0:13  Pylon  
  13  0:17  Probe (Chrono Boost)  
  14  0:26  Probe (Chrono Boost)  
  15  0:31  Probe (Chrono Boost)  
  16  0:41  Gateway  
  16  0:43  Probe  
  17  0:52  Assimilator  
  17  0:55  Probe  
  18  1:07  Probe  
  19  1:19  Probe  
  20  1:26  Nexus  
  20  1:36  Cybernetics Core  
  20  1:37  Probe  
  21  1:44  Assimilator  
  21  1:49  Probe  
  22  1:54  Pylon  
  22  2:01  Probe  
  23  2:10  Stalker (Chrono Boost), Probe  
  23  2:14  Warp Gate  
  26  2:18  Probe  
  27  2:25  Twilight Council  
  27  2:28  Probe (Chrono Boost)  
  27  2:34  Adept  
  30  2:38  Probe (Chrono Boost)  
  32  2:46  Probe (Chrono Boost)  
  32  2:47  Probe (Chrono Boost)  
  33  2:53  Robotics Facility, Probe x2  
  35  3:05  Probe x2  
  37  3:07  Gateway  
  37  3:09  Resonating Glaives (Chrono Boost)  
  37  3:17  Probe x2  
  39  3:20  Adept  
  41  3:33  Gateway x2, Probe  
  41  3:34  Probe  
  43  3:39  Warp Prism (Chrono Boost)  
  45  3:49  Pylon  
  45  3:58  Gateway  
  45  4:01  Gateway  
  45  4:05  Pylon  
  45  4:07  Adept  
  45  4:08  Adept  
  45  4:09  Observer  
  50  4:12  Probe  
  50  4:13  Probe  
  52  4:27  Adept x2  
  52  4:28  Adept x2  
  60  4:31  Pylon  
  60  4:34  Pylon  
  58  4:56  Adept x6  
  72  5:01  Assimilator  
  72  5:03  Pylon  
  72  5:06  Pylon  
  70  5:27  Adept x5  
  70  5:28  Adept  
  82  5:29  Immortal (Chrono Boost), Pylon  
  86  5:37  Probe x2  
  80  5:55  Adept x5  
  72  5:57  Adept  
  74  6:07  Immortal (Chrono Boost)  
  68  6:28  Nexus  
  68  6:30  Adept  
  68  6:31  Adept x2  
  70  6:43  Immortal (Chrono Boost)  
  70  6:45  Pylon  
  74  6:48  Adept  
  74  6:49  Probe  
  74  6:50  Probe  
  78  7:01  Probe  
  78  7:02  Probe  
  78  7:07  Adept x2, Shield Battery  
  78  7:08  Adept  
  86  7:14  Immortal (Chrono Boost)  
  86  7:23  Shield Battery  
  86  7:25  Pylon  
  86  7:28  Sentry x2  
  90  7:32  Probe  
  90  7:33  Probe  
  92  7:42  Adept  
  92  7:43  Immortal (Chrono Boost)  
  94  7:44  Probe  
  94  7:46  Probe  
  94  7:47  Probe  
  94  7:50  Blink  
  101  8:01  Probe x3  
  101  8:02  Shield Battery  
  104  8:13  Immortal (Chrono Boost)  
  104  8:17  Probe x3  
  104  8:19  Assimilator  
  107  8:21  Assimilator  
  107  8:28  Forge  
  107  8:31  Probe x3  
  110  8:43  Gateway  
  110  8:45  Gateway  
  110  8:49  Robotics Facility  
  110  8:52  Robotics Bay  
  110  8:56  Stalker x3  
  110  8:58  Pylon  
  116  9:04  Stalker x2  
  116  9:06  Pylon  
  116  9:07  Pylon  
  120  9:14  Probe x3  
  120  9:15  Assimilator  
  120  9:16  Zealot  
  125  9:30  Protoss Ground Weapons Level 1 (Chrono Boost)  
  125  9:34  Pylon  
  125  9:35  Extended Thermal Lance  
  125  9:37  Pylon  
  125  9:40  Colossus x2 (Chrono Boost)  
  133  9:48  Photon Cannon  
  133  9:55  Sentry  
  133  9:56  Zealot  
  137  10:03  Charge  
  137  10:11  Nexus  
  137  10:13  Adept x2  
  141  10:23  Colossus (Chrono Boost)  
  141  10:24  Colossus (Chrono Boost)  
  141  10:26  Shield Battery  
  153  10:31  Photon Cannon  
  153  10:32  Sentry  
  155  10:48  Pylon  
  155  10:50  Pylon  
  155  11:00  Stalker x4  
  163  11:09  Colossus, Sentry x2  
  163  11:10  Zealot x2  
  177  11:13  Photon Cannon  
  159  11:30  Stalker  
  159  11:31  Stalker x4  
  151  11:47  Stalker x3  
  130  12:07  Stalker x4  
  130  12:13  Stalker  
  120  12:17  Stalker  
  120  12:20  Sentry x2  
Show
View Real Time Build Order
Export as new Build Order

RagnaroK Zerg 

Build Orders: Hatch First 

Get SALT Encoding   

  12  0:00  Drone  
  13  0:12  Overlord  
  13  0:17  Drone  
  14  0:30  Drone  
  14  0:31  Drone  
  16  0:43  Drone  
  17  0:51  Hatchery  
  17  0:54  Drone  
  17  0:58  Drone  
  18  1:08  Extractor  
  17  1:14  Spawning Pool  
  17  1:16  Drone  
  17  1:19  Drone  
  18  1:28  Drone  
  19  1:41  Drone  
  20  1:51  Drone  
  21  2:01  Zergling x2  
  21  2:02  Queen  
  21  2:03  Zergling x2, Queen  
  27  2:11  Overlord  
  27  2:14  Drone  
  28  2:17  Metabolic Boost  
  28  2:30  Hatchery  
  28  2:32  Drone  
  28  2:35  Drone  
  29  2:38  Drone  
  29  2:40  Drone  
  31  2:44  Drone  
  31  2:49  Queen  
  34  2:55  Overlord  
  34  2:57  Drone  
  35  2:58  Drone  
  36  3:14  Drone x5  
  41  3:20  Overlord  
  41  3:22  Drone  
  41  3:24  Queen  
  44  3:29  Roach Warren  
  44  3:30  Drone  
  44  3:32  Drone, Extractor  
  44  3:38  Spore Crawler  
  44  3:40  Drone  
  44  3:42  Drone x2  
  44  3:46  Drone x3  
  49  3:52  Overlord  
  49  3:59  Drone  
  50  4:05  Overlord  
  50  4:09  Roach x4  
  58  4:10  Overlord  
  58  4:12  Zergling x2  
  59  4:17  Zergling x10  
  59  4:22  Overlord  
  64  4:25  Zergling x2  
  64  4:28  Zergling x2  
  64  4:30  Ravager  
  64  4:31  Ravager  
  68  4:32  Zergling x8  
  68  4:37  Zergling x6  
  75  4:44  Zergling x4  
  74  4:51  Drone x5  
  79  5:00  Overlord  
  79  5:01  Drone x4  
  79  5:05  Roach  
  79  5:06  Roach  
  87  5:09  Spine Crawler x2  
  87  5:10  Ravager x2  
  87  5:11  Zergling x4  
  87  5:16  Zergling x6  
  86  5:21  Roach  
  86  5:23  Roach  
  90  5:28  Overlord  
  90  5:29  Overlord  
  90  5:32  Overlord  
  88  5:37  Overlord  
  85  5:48  Roach x4  
  80  5:54  Roach  
  80  5:55  Zergling x6  
  74  6:00  Zergling x10  
  74  6:01  Zergling x2  
  74  6:02  Roach  
  76  6:11  Zergling x8  
  76  6:14  Zergling x2  
  76  6:16  Drone  
  82  6:19  Drone  
  82  6:22  Drone  
  83  6:30  Drone, Queen  
  86  6:35  Ravager  
  86  6:37  Zergling x8  
  90  6:44  Drone x4  
  94  6:48  Ravager  
  94  6:50  Drone x2  
  94  6:53  Extractor  
  95  6:54  Drone x3  
  95  6:59  Roach x2  
  101  7:06  Roach x2  
  105  7:14  Drone x3  
  105  7:15  Roach  
  107  7:18  Roach  
  107  7:19  Roach  
  109  7:26  Zergling x8  
  109  7:28  Extractor  
  112  7:30  Overlord  
  112  7:34  Lair  
  112  7:35  Drone x2  
  114  7:40  Overlord  
  113  7:49  Drone x4  
  113  7:50  Drone x4  
  121  7:53  Overlord  
  121  7:57  Baneling Nest  
  120  7:59  Roach x2  
  120  8:04  Drone x2  
  120  8:05  Drone  
  127  8:06  Extractor  
  127  8:07  Roach  
  127  8:14  Drone  
  127  8:15  Drone x3  
  129  8:22  Drone x3  
  129  8:24  Overlord  
  129  8:25  Overlord x2  
  129  8:26  Ravager x3  
  136  8:27  Ravager  
  136  8:31  Glial Reconstitution  
  136  8:34  Evolution Chamber  
  136  8:35  Overlord  
  136  8:39  Ravager x2  
  137  8:46  Drone x7  
  143  8:50  Centrifugal Hooks  
  143  8:54  Drone x4  
  147  8:56  Extractor  
  147  9:01  Zerg Melee Weapons Level 1  
  146  9:05  Hatchery  
  145  9:11  Overlord  
  145  9:12  Roach x2  
  145  9:13  Overseer  
  149  9:19  Zergling x8, Roach  
  154  9:25  Baneling x9  
  154  9:29  Drone x2  
  154  9:30  Drone  
  154  9:32  Zergling x6  
  154  9:36  Baneling  
  154  9:37  Baneling x6  
  155  9:41  Zergling x6  
  157  9:48  Zergling x6, Roach  
  161  9:57  Zergling x14, Roach  
  166  10:03  Overlord x2  
  166  10:06  Baneling x6  
  166  10:12  Baneling x10  
  166  10:16  Zergling x2  
  166  10:17  Zergling x4  
  169  10:23  Baneling x11  
  169  10:24  Baneling  
  169  10:30  Zergling x6, Roach  
  171  10:43  Baneling x14  
  171  10:45  Zergling x8  
  171  10:49  Zergling x2, Roach  
  178  10:50  Zergling x2  
  177  10:57  Baneling x8  
  177  10:58  Baneling, Zergling x2  
  177  10:59  Zergling x4  
  181  11:04  Zergling x6, Roach  
  181  11:07  Zergling x2, Roach  
  181  11:09  Baneling x3  
  187  11:13  Roach x2  
  183  11:24  Zergling x14, Roach  
  173  11:31  Roach x3  
  162  11:33  Zergling x6  
  155  11:40  Zergling x2, Roach  
  155  11:44  Baneling x7  
  155  11:45  Baneling  
  157  11:48  Baneling x2  
  157  11:50  Roach  
  158  11:54  Roach x3  
  138  12:05  Roach x5  
  128  12:09  Zergling x2  
  128  12:10  Zergling x6  
  128  12:15  Roach x3  
  115  12:18  Roach x2  
  115  12:22  Roach x2  
  114  12:26  Roach x2  
Tags
 
Add a new tag
Caveats
  • Supply blocks, unpowered buildings, or Contaminate may cause inaccurate times.
  • Supply counts are checked every 10 seconds.